 Dungeon Crawl Stone Soup version 0.21.1-1-g345015f (console) character file.

162869 toffzen the Unseen (level 17, -4/94 HPs)
             Began as a Spriggan Enchanter on June 26, 2018.
             Was the Champion of Wu Jian.
             Killed by Shatter
             ... invoked by Jorgrun
              (44 damage)
             ... on level 3 of the Spider Nest on June 28, 2018.
             The game lasted 03:48:04 (41599 turns).

toffzen the Unseen (Spriggan Enchanter)            Turns: 41599, Time: 03:48:04

Health: -4/94      AC:  7    Str:  7    XL:     17   Next: 22%
Magic:  41/42      EV: 35    Int: 26    God:    Wu Jian [******]
Gold:   2513       SH:  0    Dex: 18    Spells: 24/38 levels left

rFire    + . .     SeeInvis +   a - +10 dagger {pierce, Str+3 Int+4 Stlth+}
rCold    + . .     Gourm    .   (shield restricted)
rNeg     . . .     Faith    .   L - +2 robe {rC+ rF+}
rPois    +         Spirit   .   Q - +2 hat
rElec    .         Reflect  .   k - +0 cloak (curse)
rCorr    .         Harm     .   (gloves unavailable)
MR       ++...                  (boots unavailable)
Stlth    +++++++++.             P - amulet of regeneration
HPRegen  0.65/turn              p - ring of magical power
MPRegen  0.28/turn              U - ring of poison resistance

@: very quick
A: very small, unfitting armour, see invisible, herbivore, speed 3, slow
metabolism 2
a: Wall Jump, Serpent's Lash, Heavenly Storm, Renounce Religion


You were on level 3 of the Spider Nest.
You worshipped Wu Jian.
Wu Jian was exalted by your worship.
You were not hungry.

You visited 5 branches of the dungeon, and saw 27 of its levels.
You also visited: Ice Cave.

You collected 2674 gold pieces.
You spent 161 gold pieces at shops.

Inventory:

Hand Weapons
 a - the +10 dagger "Fing" (weapon) {pierce, Str+3 Int+4 Stlth+}
   (You found it on level 6 of the Lair of Beasts)

   It inflicts extra damage upon your enemies.
   It affects your strength (+3).
   It affects your intelligence (+4).
   It makes you more stealthy.
 b - the +5 quick blade "Worm" {pierce, +Blink +Fly rPois}
   (You found it on level 6 of the Lair of Beasts)

   It inflicts extra damage upon your enemies.
   It protects you from poison.
   It lets you fly.
   It lets you blink.
Missiles
 f - 783 stones (quivered)
 C - a throwing net
Armour
 k - a cursed +0 cloak (worn)
 s - a +1 robe of magic resistance
 u - a +2 robe
 L - a +2 robe of resistance (worn)
 O - a +1 robe of the Archmagi
 Q - a +2 hat (worn)
 X - a +2 robe of positive energy
Jewellery
 p - a ring of magical power (left hand)
 K - an uncursed ring of stealth
 P - an amulet of regeneration (around neck)
 R - a cursed +3 amulet of reflection
 S - an uncursed ring of resist corrosion
 U - a ring of poison resistance (right hand)
 W - an uncursed ring of wizardry
Wands
 y - a wand of polymorph (15)
 D - a wand of iceblast (13)
 E - a wand of flame (41)
 F - a wand of digging (23)
 M - a wand of acid (27)
Scrolls
 h - 2 scrolls of fear
 l - a scroll of blinking
 m - 6 scrolls of teleportation
 r - a scroll of silence
 t - 4 scrolls of remove curse
 x - 2 scrolls of magic mapping
 A - 2 scrolls of holy word
 B - 2 scrolls of amnesia
 H - 5 scrolls of enchant weapon
 I - a scroll of enchant armour
 J - 2 scrolls of brand weapon
 N - a scroll of fog
 V - 2 scrolls of summoning
 Z - a scroll of vulnerability
Potions
 c - a potion of invisibility
 e - 12 potions of heal wounds
 g - 5 potions of might
 i - 2 potions of cancellation
 j - a potion of agility
 n - 12 potions of curing
 o - 11 potions of lignification
 q - 3 potions of resistance
 v - a potion of haste
 w - 5 potions of flight
 z - 5 potions of brilliance
 Y - a potion of ambrosia
Miscellaneous
 G - a lightning rod (inert)
 T - a lightning rod (inert)
Comestibles
 d - 27 rations


   Skills:
 * Level 12.9 Fighting
 - Level 12.0 Short Blades
 - Level 5.0 Armour
 + Level 20.2 Dodging
 + Level 20.2 Stealth
 - Level 11.3 Spellcasting
 - Level 12.3 Hexes
 - Level 4.0 Evocations


You had 24 spell levels left.
You knew the following spells:

 Your Spells              Type           Power        Failure   Level  Hunger
a - Corona                Hex            ######.      1%          1    None
b - Ensorcelled Hibernat  Hex/Ice        #####.       1%          2    None
c - Confuse               Hex            ######..     1%          3    None
d - Dazzling Spray        Conj/Hex       #####.       1%          3    None
e - Tukima's Dance        Hex            ######..     1%          3    None
f - Song of Slaying       Chrm           ##......     6%          2    None


Dungeon Overview and Level Annotations

Branches:
Dungeon (15/15)            Temple (1/1) D:5            Lair (6/6) D:10
 Shoals (0/4) Lair:3       Spider (3/4) Lair:3        Slime (0/5) Lair:5
    Orc (2/2) D:12            Elf (0/3) Orc:2        Vaults (0/5) D:14
 Depths (0/5) D:15

Altars:
Ashenzari
Cheibriados
Dithmenos
Elyvilon
Fedhas
Gozag
Hepliaklqana
Kikubaaqudgha
Makhleb
Nemelex Xobeh
Okawaru
Qazlal
Ru
Sif Muna
Trog
Uskayaw
Vehumet
Wu Jian
Xom
Yredelemnul
Zin
The Shining One
Beogh
Jiyva

Shops:
D:7 :   D:13 [   Orc:2 **?(

Portals:
Hell: Lair:6
Trove: D:14 (lose all piety)

Annotations:
Lair:5 1 runed door
Spider:2 exclusion: Roxanne, Roxanne
Spider:3 Jorgrun
Orc:2 Trampli's ghost, journeyman HOFi


Innate Abilities, Weirdness & Mutations

You are very small and have problems with some larger weapons.
You are too small for most types of armour.
You have supernaturally acute eyesight. (SInv)
You are a herbivore.
You cover ground extremely quickly.
You need consume almost no food.


Message History

The bolt of acid hits Jorgrun.
Jorgrun is splashed with acid.
Jorgrun is severely wounded.
Jorgrun mumbles some strange words.
The dungeon rumbles around Jorgrun!
You shudder from the earth-shattering force.
Evoke which item? (* to show all) (? for menu, Esc to quit)
Aiming: Corrosive Bolt
Press: ? - help, Shift-Dir - straight line, f/p - Jorgrun
Aim: Jorgrun, wielding a staff of earth and wearing an embroidered robe (severely wounded)
The bolt of acid hits Jorgrun.
Jorgrun is splashed with acid.
Jorgrun is almost dead.
Evoke which item? (* to show all) (? for menu, Esc to quit)
Aiming: Corrosive Bolt
Press: ? - help, Shift-Dir - straight line, f/p - Jorgrun
Aim: Jorgrun, wielding a staff of earth and wearing an embroidered robe (almost dead)
The bolt of acid misses Jorgrun.
Jorgrun casts a spell.
The dungeon rumbles around Jorgrun!
You shudder from the earth-shattering force.
You die...

†......^........,*.#....%,,,,,,*,
#..........##.....#......,,,*,,,,
..##......................#.....,
..#.......^.^.............#....#,
..............................#.s
.....#......................?....
.#..#)..........^.............(..
....#............................
...#............@.............^..
......#..........g...............
....................^............
..#..............................
.......................(.........
.................................
#...#......^.....................
.................................
...#..^.#..^.....................


You could see Jorgrun.

Vanquished Creatures
  Mara (Spider:3)
  Arachne (Spider:2)
  Rupert (D:13)
  Asterion (Spider:2)
  Kirke (Lair:6)
  Donald (Orc:2)
  A frost giant (IceCv)
  A ghost moth (Spider:1)
  An emperor scorpion (Spider:3)
  4 entropy weavers
  Azrael (Orc:2)
  Snorg (Orc:2)
  The ghost of diana the Cleaver, a journeyman MiFi of Okawaru (D:12)
  Josephine (Orc:2)
  Erolcha (D:9)
  A catoblepas (Lair:3)
  8 hydras
  6 ogre magi
  31 two-headed ogres
  A death knight (D:12)
  3 centaur warriors
  8 death yaks
  A queen ant (Spider:2)
  A tengu warrior (D:13)
  Nergalle (Lair:1)
  A sun demon (Lair:6)
  3 skeletal warriors (D:12)
  A wizard (Lair:6)
  2 unseen horrors
  A phantasmal warrior (D:12)
  10 orb spiders
  An orc knight (D:15)
  Pikel (D:9)
  8 ugly things
  A manticore (D:15)
  A wolf spider zombie (D:14)
  7 cyclopes
  3 orc sorcerers
  4 deep elf magi
  9 wolf spiders
  7 elephants
  Maurice (D:13)
  6 black mambas
  A naga mage (D:15)
  A gargoyle (D:14)
  An ice statue (IceCv)
  2 orange demons (Lair:6)
  A smoke demon (Lair:6)
  3 torpor snails
  7 centaur skeletons
  8 komodo dragons
  9 spiny frogs
  14 rime drakes
  A tengu conjurer (D:15)
  6 demonic crawlers
  A freezing wraith (D:12)
  2 kobold demonologists (D:14)
  2 red devils (Lair:6)
  12 polar bears (IceCv)
  A troll (shapeshifter) (D:14)
  5 trolls
  3 meliai (D:15)
  Grinder (D:3)
  5 hornets
  21 jumping spiders
  9 hippogriffs
  17 blink frogs
  A dream sheep (shapeshifter) (D:14)
  3 slime creatures (D:14)
  Sigmund (D:2)
  20 tarantellas
  2 wyverns
  40 redbacks
  53 yaks
  A fire elemental (Orc:2)
  6 wraiths
  A basilisk (D:15)
  7 hogs
  2 hungry ghosts
  12 steam dragons
  Eustachio (D:6)
  Menkaure (D:4)
  3 wargs (Orc:1)
  26 soldier ants
  3 acid dragons
  7 water moccasins
  8 hell hounds
  Duvessa (D:4)
  9 porcupines
  16 orc warriors
  6 ice beasts
  35 ogres
  4 sky beasts
  4 phantoms
  4 slaves
  22 wolves
  15 centaurs
  8 crocodiles
  3 big kobolds
  16 bullfrogs
  Dowan (D:4)
  A wyvern skeleton (D:14)
  4 scorpions
  4 killer bees
  8 wights
  5 howler monkeys
  2 electric eels (Spider:1)
  11 crimson imps
  2 bullfrog zombies
  A quasit (D:12)
  3 centaur zombies
  5 hounds
  2 jellies
  7 orc priests
  Crazy Yiuf (D:4)
  2 iguanas (D:9)
  26 worker ants
  19 orc wizards
  Terence (D:2)
  2 hound skeletons
  A worker ant zombie (D:7)
  2 howler monkey zombies
  12 gnolls
  6 adders
  A howler monkey skeleton (D:7)
  A shadow imp (D:5)
  12 white imps (Orc:1)
  An ooze (D:1)
  An adder zombie (D:6)
  2 adder skeletons
  2 worms
  4 leopard geckos
  52 orcs
  4 ball pythons
  6 bats
  2 giant cockroaches
  6 goblins
  11 hobgoblins
  8 jackals
  22 kobolds
  4 quokkas
  2 frilled lizards
  A leopard gecko skeleton (D:4)
  A leopard gecko zombie (D:6)
  A quokka zombie (D:3)
  6 rats
  A bush (D:4)
  2 fungi
  3 plants (D:10)
904 creatures vanquished.

Vanquished Creatures (collateral kills)
  A skeletal warrior (D:13)
  A soldier ant (Spider:2)
  3 wights (D:13)
5 creatures vanquished.

Vanquished Creatures (others)
  An orc priest (D:11)
  A bush (Lair:6)
  15 fungi
  6 plants
23 creatures vanquished.

Grand Total: 932 creatures vanquished

Notes
Turn   | Place    | Note
-------+----------+-------------------------------------------
     0 | D:1      | toffzen the Spriggan Enchanter began the quest for the Orb.
     0 | D:1      | Reached XP level 1. HP: 9/9 MP: 5/5
   501 | D:1      | Reached XP level 2. HP: 13/13 MP: 4/6
   505 | D:1      | Learned a level 2 spell: Ensorcelled Hibernation
  1753 | D:1      | Reached skill level 5 in Stealth
  1753 | D:1      | Reached XP level 3. HP: 16/16 MP: 3/8
  1765 | D:1      | Learned a level 3 spell: Confuse
  2190 | D:2      | Noticed Terence
  2246 | D:2      | Killed Terence
  2510 | D:2      | Found a burning altar of Makhleb.
  2589 | D:2      | Reached XP level 4. HP: 21/21 MP: 7/10
  2769 | D:2      | Noticed an Executioner
  2773 | D:2      | Noticed a neqoxec
  2773 | D:2      | Noticed a neqoxec
  3094 | D:2      | Reached skill level 5 in Hexes
  3160 | D:2      | Noticed Sigmund
  3178 | D:2      | Found a blossoming altar of Fedhas.
  3181 | D:2      | Killed Sigmund
  3181 | D:2      | Reached XP level 5. HP: 24/24 MP: 2/12
  3413 | D:3      | Learned a level 3 spell: Dazzling Spray
  3701 | D:3      | Noticed Grinder
  3795 | D:3      | Reached XP level 6. HP: 17/28 MP: 0/13
  3942 | D:3      | Killed Grinder
  3942 | D:3      | Reached skill level 5 in Spellcasting
  3942 | D:3      | Reached XP level 7. HP: 32/32 MP: 11/15
  4499 | D:3      | Found an iron altar of Okawaru.
  4868 | D:4      | Noticed Duvessa
  4868 | D:4      | Noticed Dowan
  4870 | D:4      | Killed Duvessa
  5335 | D:4      | Noticed Menkaure
  5580 | D:4      | Killed Menkaure
  5580 | D:4      | Reached skill level 1 in Fighting
  5631 | D:4      | Killed Dowan
  6079 | D:4      | Found a hide-covered altar of Uskayaw.
  6509 | D:4      | Found a runed door.
  6513 | D:4      | Noticed Crazy Yiuf
  6532 | D:4      | Killed Crazy Yiuf
  6597 | D:5      | Entered Level 5 of the Dungeon
  6667 | D:5      | Reached XP level 8. HP: 37/37 MP: 17/17
  6802 | D:5      | Learned a level 3 spell: Tukima's Dance
  7050 | D:5      | Found a staircase to the Ecumenical Temple.
  7063 | Temple   | Entered the Ecumenical Temple
  7247 | Temple   | Became a worshipper of the Wu Jian Council
  7320 | D:5      | Found a basalt altar of Yredelemnul.
  7325 | D:5      | Reached skill level 5 in Dodging
  7499 | D:5      | Found a basalt altar of Yredelemnul.
  7500 | D:5      | Found a shadowy altar of Dithmenos.
  7825 | D:6      | Found a shimmering altar of Xom.
  7836 | D:6      | Found a shimmering altar of Xom.
  7942 | D:6      | Found a white marble altar of Elyvilon.
  7977 | D:6      | Noticed Eustachio
  7998 | D:6      | Killed Eustachio
  8736 | D:7      | Reached XP level 9. HP: 42/43 MP: 16/20
  8745 | D:7      | Reached * piety under Wu Jian
  9271 | D:7      | Found a sparkling altar of Nemelex Xobeh.
  9523 | D:7      | Found Xaxtor's Book Boutique.
  9941 | D:8      | Reached skill level 10 in Stealth
 10180 | D:8      | Reached skill level 5 in Short Blades
 10622 | D:8      | Reached ** piety under Wu Jian
 11151 | D:9      | Noticed Pikel
 11464 | D:9      | Noticed Erolcha
 11568 | D:9      | Killed Erolcha
 11568 | D:9      | Reached XP level 10. HP: 36/50 MP: 16/23
 11638 | D:9      | Killed Pikel
 11832 | D:9      | Found a bloodstained altar of Trog.
 11993 | D:9      | Found a bloodstained altar of Trog.
 12170 | D:10     | Entered Level 10 of the Dungeon
 12195 | D:10     | Reached skill level 10 in Hexes
 12276 | D:10     | Reached *** piety under Wu Jian
 12661 | D:10     | Reached skill level 5 in Fighting
 12775 | D:10     | Noticed a green ugly thing
 12829 | D:10     | Killed a green ugly thing
 12829 | D:10     | Reached XP level 11. HP: 55/55 MP: 15/25
 12986 | D:10     | Noticed a two-headed ogre
 12992 | D:10     | Killed a two-headed ogre
 13176 | D:10     | Found a staircase to the Lair.
 13209 | D:10     | Found a sacrificial altar of Ru.
 13482 | Lair:1   | Entered Level 1 of the Lair of Beasts
 13627 | Lair:1   | Reached **** piety under Wu Jian
 13715 | Lair:1   | Noticed Nergalle
 14178 | Lair:1   | Reached skill level 10 in Dodging
 15054 | Lair:2   | Noticed a four-headed hydra
 15187 | Lair:2   | Killed a four-headed hydra
 15321 | Lair:1   | Reached skill level 10 in Spellcasting
 16056 | Lair:1   | Killed Nergalle
 16516 | Lair:2   | Reached XP level 12. HP: 61/61 MP: 27/27
 17617 | Lair:2   | Reached ***** piety under Wu Jian
 17846 | Lair:3   | Found a hole to the Spider Nest.
 17875 | Lair:3   | Noticed a seven-headed hydra
 17876 | Lair:3   | Noticed a catoblepas
 17915 | Lair:3   | Killed a seven-headed hydra
 18039 | Lair:3   | Noticed a death yak
 18057 | Lair:3   | Noticed a death yak
 18080 | Lair:3   | Killed a death yak
 18100 | Lair:3   | Killed a death yak
 18195 | Lair:3   | Noticed a five-headed hydra
 18505 | Lair:3   | Killed a catoblepas
 18745 | Lair:3   | Found a staircase to the Shoals.
 19020 | Lair:3   | Killed a five-headed hydra
 20262 | Lair:5   | Reached XP level 13. HP: 67/67 MP: 29/29
 20312 | Lair:5   | Found a runed door.
 20314 | Lair:5   | Found a viscous altar of Jiyva.
 20315 | Lair:5   | Found a staircase to the Slime Pits.
 20315 | Lair:5   | Noticed an azure jelly
 20315 | Lair:5   | Noticed an azure jelly
 20403 | Lair:5   | Reached skill level 1 in Armour
 21155 | Lair:6   | Entered Level 6 of the Lair of Beasts
 21499 | Lair:6   | Noticed Kirke
 21802 | Lair:6   | Killed Kirke
 21802 | Lair:6   | Reached skill level 10 in Short Blades
 21802 | Lair:6   | Reached skill level 15 in Stealth
 23534 | Lair:6   | Got a pitted dagger
 23559 | Lair:5   | Identified the +10 dagger "Fing" {pierce, Str+3 Int+4 Stlth+} (You found it on level 6 of the Lair of Beasts)
 24094 | Lair:6   | Found a burning altar of Makhleb.
 24224 | Lair:6   | Reached XP level 14. HP: 74/74 MP: 22/30
 24645 | Lair:6   | Found a gateway to Hell.
 24807 | Lair:6   | Got a sapphire quick blade
 24857 | Lair:6   | Identified the +5 quick blade "Worm" {pierce, +Blink +Fly rPois} (You found it on level 6 of the Lair of Beasts)
 25133 | D:11     | Reached ****** piety under Wu Jian
 25902 | D:12     | Noticed diana's ghost (journeyman MiFi)
 26140 | D:12     | Killed diana's ghost
 27461 | D:12     | Found a staircase to the Orcish Mines.
 27533 | D:12     | Reached skill level 5 in Armour
 27747 | D:13     | Noticed Maurice
 27753 | D:13     | Reached skill level 15 in Dodging
 27756 | D:13     | Killed Maurice
 28313 | D:13     | Noticed Rupert
 28502 | D:13     | Reached skill level 1 in Evocations
 28521 | D:13     | Killed Rupert
 28879 | D:13     | Found Gytufesmel's Armour Boutique.
 29635 | D:14     | Found a gate to the Vaults.
 29736 | D:14     | Reached skill level 10 in Fighting
 29736 | D:14     | Reached XP level 15. HP: 58/80 MP: 31/31
 30081 | D:14     | Found a portal to a secret trove of treasure.
 30676 | D:15     | Entered Level 15 of the Dungeon
 30846 | D:15     | Found a shattered altar of Ashenzari.
 30917 | D:15     | Found a shadowy altar of Dithmenos.
 31709 | D:15     | Found a staircase to the Depths.
 32171 | Orc:1    | Entered Level 1 of the Orcish Mines
 32194 | Orc:1    | Found a frozen archway.
 32416 | IceCv    | Entered an ice cave
 32990 | IceCv    | Noticed a frost giant
 33047 | IceCv    | Killed a frost giant
 33905 | Orc:2    | Entered Level 2 of the Orcish Mines
 33965 | Orc:2    | Found a roughly hewn altar of Beogh.
 33979 | Orc:2    | Found a staircase to the Elven Halls.
 33981 | Orc:2    | Noticed Donald
 34004 | Orc:2    | Killed Donald
 34026 | Orc:2    | Learned a level 2 spell: Song of Slaying
 34110 | Orc:2    | Found a labyrinth entrance.
 34199 | Orc:2    | Noticed Josephine
 34235 | Orc:2    | Killed Josephine
 34258 | Orc:2    | Noticed Trampli's ghost (journeyman HOFi)
 35056 | Orc:2    | Reached XP level 16. HP: 88/88 MP: 13/32
 36145 | Orc:2    | Noticed Azrael
 36251 | Orc:2    | Found Vocuad's General Store.
 36251 | Orc:2    | Found Aro Woas's Weapon Boutique.
 36252 | Orc:2    | Found Josh's Assorted Antiques.
 36252 | Orc:2    | Found Sykuoshi's Magic Scroll Shoppe.
 36263 | Orc:2    | Bought a scroll of summoning for 133 gold pieces
 36263 | Orc:2    | Bought a scroll of identify for 28 gold pieces
 36293 | Orc:2    | Noticed Snorg
 36331 | Orc:2    | Killed Snorg
 36404 | Orc:2    | Killed Azrael
 36804 | Spider:1 | Entered Level 1 of the Spider Nest
 38251 | Spider:2 | Noticed Roxanne
 39091 | Spider:2 | Got a smoking spear
 39351 | Spider:2 | Noticed Asterion
 39470 | Spider:2 | Killed Asterion
 39835 | Spider:2 | Noticed Arachne
 40630 | Spider:2 | Killed Arachne
 40896 | Spider:3 | Noticed Mara
 40899 | Spider:3 | Killed Mara
 40899 | Spider:3 | Reached XP level 17. HP: 94/94 MP: 33/33
 41371 | Spider:3 | Noticed Jorgrun
 41599 | Spider:3 | Killed from afar by Jorgrun

Skill      XL: |  1  2  3  4  5  6  7  8  9 10 11 12 13 14 15 16 17 |
---------------+----------------------------------------------------+-----
Hexes          | 4 6 7 8 9 10 11 12 | 12.3
Spellcasting   | 3 4 5 6 8 9 10 11 | 11.3
Stealth        | 5 6 7 8 9 10 12 13 14 15 17 20 | 20.2
Fighting       | 1 2 4 5 6 7 8 10 11 12 | 12.9
Short Blades   | 2 4 5 6 8 9 10 12 | 12.0
Dodging        | 4 6 8 9 10 12 13 15 18 19 20 | 20.2
Armour         | 3 5 |  5.0
Evocations     | 4 |  4.0

Action                   |  1- 3 |  4- 6 |  7- 9 | 10-12 | 13-15 | 16-18 || total
-------------------------+-------+-------+-------+-------+-------+-------++-------
Melee: Dagger            |    51 |    39 |    61 |       |   756 |   428 ||  1335
       Short sword       |       |       |   313 |   572 |   170 |       ||  1055
Throw: Stone             |     7 |       |     8 |     2 |    21 |    20 ||    58
 Cast: Corona            |     4 |       |       |       |       |       ||     4
       Ensorcelled Hiber |    33 |    10 |    65 |    54 |   155 |   176 ||   493
       Confuse           |     1 |    16 |   104 |   103 |   344 |   119 ||   687
       Dazzling Spray    |       |       |    11 |    52 |    82 |    15 ||   160
       Tukima's Dance    |       |       |       |       |    10 |     2 ||    12
Invok: Lunge             |       |       |    33 |    78 |   186 |    75 ||   372
       Whirlwind         |       |       |    32 |   125 |   152 |    44 ||   353
       Wall Jump         |       |       |     1 |     2 |    30 |     6 ||    39
       Serpent's Lash    |       |       |       |       |       |     1 ||     1
Evoke: Wand              |       |       |       |     7 |    26 |     8 ||    41
       Lightning rod     |       |       |       |       |    10 |     5 ||    15
  Use: Scroll            |       |     5 |     5 |    14 |    11 |     3 ||    38
       Potion            |       |       |       |       |     1 |     1 ||     2
 Stab: Sleeping          |    25 |     6 |    44 |    55 |   135 |   126 ||   391
       Confused          |     1 |     9 |    53 |    75 |   165 |    54 ||   357
       Invisible         |       |       |     2 |     9 |    15 |     4 ||    30
       Distracted        |       |       |     3 |       |     7 |     4 ||    14
       Held in net/web   |       |       |       |       |       |     3 ||     3
  Eat: Ration            |     1 |     1 |     6 |     4 |     7 |     4 ||    23
Armor: Robe              |     2 |     2 |    12 |    10 |    12 |    13 ||    51
Dodge: Dodged            |    28 |     7 |   144 |   192 |   344 |   286 ||  1001
